 Dungeon Crawl Stone Soup version 0.24.0-13-gcf9b3192b9 (webtiles) character file.

Game seed: 18082952400982443591, levelgen mode: deterministic

24179 Matador8 the Fighter (level 12, -7/95 HPs)
             Began as a Yellow Draconian Fire Elementalist on Nov 8, 2019.
             Was a High Priest of Hepliaklqana.
             Mangled by a komodo dragon (44 damage)
             ... on level 4 of the Lair of Beasts.
             The game lasted 02:02:34 (18324 turns).

Matador8 the Fighter (DrFE)                        Turns: 18324, Time: 02:02:35

Health: -7/95      AC: 13    Str: 11    XL:     12   Next: 78%
Magic:  23/29      EV: 15    Int: 30    God:    Hepliaklqana [*****.]
Gold:   896        SH:  0    Dex: 12    Spells: 0/25 levels left

rFire    . . .     SeeInvis .   I - +6 Majin-Bo {vamp, Archmagi MP+6 Int+6}
rCold    . . .     Gourm    .   (shield currently unavailable)
rNeg     . . .     Faith    .   (armour unavailable)
rPois    .         Spirit   .   (helmet restricted)
rElec    .         Reflect  .   M - +2 cloak
rCorr    +         Harm     .   y - +0 pair of gloves
MR       +....                  O - +0 pair of boots
Stlth    ++........             (no amulet)
HPRegen  0.25/turn              l - ring of protection from magic
MPRegen  0.21/turn              K - +4 ring of intelligence

@: lethally poisoned (-7 -> -19), short of breath, sleeping
A: spit acid, unfitting armour, reduced essence, cold-blooded, acid resistance,
AC +8
a: Breathe Acid, Recall Ancestor, Ancestor Identity, Transference, Idealise,
Renounce Religion


You were on level 4 of the Lair of Beasts.
You worshipped Hepliaklqana.
Hepliaklqana was extremely pleased with you.
You were not hungry.

You visited 3 branches of the dungeon, and saw 16 of its levels.
You also visited: Sewer.

You collected 896 gold pieces.

Inventory:

Hand Weapons
 r - a +2 dagger of venom
 I - the +6 Majin-Bo (weapon) {vamp, Archmagi MP+6 Int+6}
   (You found it on level 8 of the Dungeon)

   It inflicts no extra harm, but heals its wielder when it wounds a living foe.
   It affects your intelligence (+6).
   It affects your magic capacity (+6).
Missiles
 k - 7 throwing nets (quivered)
 m - 4 silver boomerangs
 p - 8 curare-tipped darts
Armour
 y - a +0 pair of gloves (worn)
 H - a +0 buckler
 M - a +2 cloak (worn)
 O - a +0 pair of boots (worn)
Magical Staves
 G - an uncursed staff of wizardry {unknown}
Jewellery
 l - a ring of protection from magic (left hand)
 u - an uncursed ring of protection from magic
 v - a +3 ring of evasion {unknown}
 K - a +4 ring of intelligence (right hand)
Wands
 j - a wand of flame (15)
 q - a wand of disintegration (21)
 s - a wand of polymorph (9)
 F - a wand of iceblast (17)
 L - a wand of paralysis (12)
 N - a wand of acid (14)
Scrolls
 a - a scroll of blinking
 d - a scroll of random uselessness {unknown}
 f - 4 scrolls of magic mapping
 g - 6 scrolls of remove curse
 h - 5 scrolls of teleportation
 i - 3 scrolls of fear {unknown}
 t - 3 scrolls of enchant weapon
 w - 3 scrolls of amnesia {unknown}
 B - 2 scrolls of immolation {unknown}
 C - 2 scrolls of enchant armour {unknown}
 E - a scroll of noise {unknown}
 Q - 3 scrolls of identify
 S - 3 scrolls of vulnerability {unknown}
Potions
 c - 3 potions of cancellation
 e - 2 potions of might
 n - 4 potions of haste
 o - 2 potions of magic {unknown}
 x - a potion of brilliance {unknown}
 z - 7 potions of flight {unknown}
 A - 3 potions of lignification {unknown}
 D - 4 potions of curing {unknown}
 J - 4 potions of berserk rage {unknown}
 R - a potion of resistance
Comestibles
 b - 30 rations
 P - a chunk of flesh


   Skills:
 + Level 9.7 Fighting
 - Level 3.1 Short Blades
   Level 0.9(4.8) Maces & Flails
 - Level 7.6 Staves
 - Level 4.8 Throwing
 - Level 6.0 Dodging
 - Level 3.6 Stealth
 - Level 4.0 Shields
 - Level 7.4 Spellcasting
 - Level 7.0 Conjurations
 - Level 2.9 Charms
 - Level 7.6 Fire Magic
 - Level 5.3 Ice Magic
 - Level 2.0 Air Magic
 - Level 2.0 Poison Magic
 - Level 4.8 Invocations


You couldn't memorise any spells.
You knew the following spells:

 Your Spells              Type           Power        Failure   Level  Hunger
a - Flame Tongue          Conj/Fire      #####        1%          1    None
b - Throw Flame           Conj/Fire      ######       1%          2    None
c - Conjure Flame         Conj/Fire      ######..     1%          3    None
d - Sticky Flame          Conj/Fire      ######..     2%          4    ##.....
e - Fireball              Conj/Fire      ######....   6%          5    ####...
f - Throw Icicle          Conj/Ice       ######..     3%          4    ##.....
g - Regeneration          Chrm/Necr      ####......   8%          3    None
h - Mephitic Cloud        Conj/Pois/Air  ######..     3%          3    None

Your spell library contained the following spells:

 Spells                   Type           Power        Failure   Level  Hunger
 Freeze                   Ice            ####         1%          1    None
 Shock                    Conj/Air       ####         1%          1    None
 Throw Frost              Conj/Ice       ######       1%          2    None
 Swiftness                Chrm/Air       #####...     2%          2    None
 Inner Flame              Hex/Fire       ######..     2%          3    None
 Ozocubu's Armour         Chrm/Ice       ######..     2%          3    None
 Static Discharge         Conj/Air       ######..     2%          3    None
 Animate Skeleton         Necr           N/A          4%          1    None
 Confusing Touch          Hex            ###...       4%          1    None
 Pain                     Necr           ###.         4%          1    None
 Summon Small Mammal      Summ           ###.         4%          1    None
 Call Imp                 Summ           ###.....     7%          2    None
 Call Canine Familiar     Summ           ###.....     14%         3    None
 Confuse                  Hex            ###.....     14%         3    None
 Gell's Gravitas          Tloc           ###.......   14%         3    None
 Summon Guardian Golem    Hex/Summ       ###.....     14%         3    None
 Vampiric Draining        Necr           ###.......   14%         3    None
 Summon Ice Beast         Ice/Summ       #####...     16%         4    ##.....
 Bolt of Magma            Conj/Fire/Erth ######....   17%         5    ####...
 Airstrike                Air            #####.....   21%         4    ##.....
 Lightning Bolt           Conj/Air       ######....   21%         5    ####...
 Summon Lightning Spire   Summ/Air       ####....     30%         4    ##.....
 Irradiate                Conj/Tmut      #####.....   30%         5    ####...
 Metabolic Englaciation   Hex/Ice        #####.....   38%         5    ####...
 Animate Dead             Necr           N/A          41%         4    ##.....
 Leda's Liquefaction      Hex/Erth       ###.......   41%         4    ##.....
 Petrify                  Tmut/Erth      ###.....     41%         4    ##.....
 Silence                  Hex/Air        ####......   63%         5    ####...
 Summon Demon             Summ           ###.......   77%         5    ####...
 Yara's Violent Unravell  Hex/Tmut       ###.......   77%         5    ####...
 Deflect Missiles         Chrm/Air       #####.....   94%         6    ######.
 Hydra Form               Tmut           ###.......   100%        6    ######.
 Statue Form              Tmut/Erth      ###......    100%        6    ######.
 Dragon Form              Tmut           ###.......   100%        7    #######


Dungeon Overview and Level Annotations

Branches:
Dungeon (11/15)            Temple (1/1) D:5            Lair (4/6) D:11
  Swamp (0/4) Lair:3        Snake (0/4) Lair:2          Orc (0/2) D:10
  Sewer (visited)

Altars:
Ashenzari
Cheibriados
Dithmenos
Elyvilon
Fedhas
Gozag
Hepliaklqana
Kikubaaqudgha
Makhleb
Nemelex Xobeh
Okawaru
Qazlal
Ru
Sif Muna
Trog
Uskayaw
Vehumet
Wu Jian
Xom
Yredelemnul
Zin
The Shining One

Annotations:
D:8 3 runed translucent doors, grouchysmurf's ghost, novice OgSk
Lair:3 Fannar


Innate Abilities, Weirdness & Mutations

You can spit globs of acid.
Your golden yellow scales are hard. (AC +8)
You cannot fit into any form of body armour.
You are cold-blooded and may be slowed by cold attacks.
You are resistant to acid. (rCorr)
Your life essence is reduced to manifest your ancestor. (-10% HP)


Message History

The black mamba is severely wounded.
You feel sick.
The dream sheep bleats!
The black mamba bites you!
The black mamba bites you but does no damage.
The komodo dragon bites you!!
A dream sheep comes into view.
Star Platinum barely misses the black mamba.
Casting: Throw Icicle (safe; 3% risk of failure)
Confirm with . or Enter, or press ? or * to list all spells.
Aiming: Throw Icicle (safe; 3% risk of failure)
Press: ? - help, Shift-Dir - straight line, f/p - black mamba
Aim: a black mamba (severely wounded)
You feel a surge of power!
The shard of ice hits the black mamba!!
You kill the black mamba!
You feel sick.
The dream sheep shake their wool and sparkle.
You feel drowsy...
You fall asleep.
The komodo dragon bites you!!!
You die...

### ##
..####. .
......
..##.....
# ......#
...#....#
..#...l.#
.Y....†@#
.Y#P..R†.#
##....##
#P....#
........
.........
.
.........
.
..........
$


You could see the friendly Star Platinum the hexer, a komodo dragon and 2 dream
sheep.

Vanquished Creatures
  A hydra (Lair:1)
  Harold (D:8)
  2 two-headed ogres
  An ugly thing (D:11)
  Maurice (D:8)
  2 black mambas
  3 spiny frogs
  A rime drake (Lair:1)
  3 komodo dragons
  2 trolls
  4 hippogriffs
  5 blink frogs
  A wyvern (D:9)
  28 yaks
  3 steam dragons (D:7)
  A hungry ghost (D:10)
  Edmund (D:4)
  5 porcupines
  3 orc warriors
  4 water moccasins (Lair:1)
  2 sky beasts
  3 ice beasts
  7 ogres
  5 phantoms
  4 centaurs
  7 crocodiles
  A big kobold (Sewer)
  8 bullfrogs
  2 scorpions
  3 killer bees (D:9)
  3 howler monkeys
  5 crimson imps
  2 centaur zombies (D:11)
  8 orc priests
  A bullfrog skeleton (D:11)
  4 hounds
  10 orc wizards
  4 iguanas
  A hexer (D:9)
  11 worker ants
  A killer bee zombie (D:8)
  6 ogre zombies (D:10)
  2 hound zombies (D:6)
  A hound skeleton (D:4)
  Robin (D:3)
  12 adders
  2 river rats
  3 shadow imps
  A white imp (D:6)
  3 oozes (D:2)
  An adder zombie (D:6)
  An adder skeleton (D:5)
  5 worms
  3 dart slugs
  6 leopard geckos
  39 orcs
  8 giant cockroaches
  16 goblins
  7 hobgoblins
  10 jackals
  16 kobolds
  5 quokkas
  2 ball pythons
  4 bats
  7 frilled lizards
  A giant cockroach zombie (D:5)
  3 goblin skeletons (D:10)
  A goblin zombie (D:10)
  3 hobgoblin zombies (D:10)
  A leopard gecko skeleton (D:4)
  A leopard gecko zombie (D:5)
  An orc skeleton (D:10)
  10 orc zombies (D:10)
  2 quokka zombies
  11 rats
359 creatures vanquished.

Vanquished Creatures (collateral kills)
  A two-headed ogre (D:9)
  A torpor snail (Lair:2)
  2 spiny frogs
  2 komodo dragons
  A troll (D:9)
  A spriggan (D:7)
  A yak (Lair:2)
  A wyvern (D:10)
  A basilisk (Lair:2)
  2 hungry ghosts (D:10)
  A water moccasin (Lair:2)
  2 porcupines
  An ice beast (D:8)
  3 sky beasts
  An eye of draining (D:9)
  A phantom (D:8)
  3 ogres
  2 centaurs (D:11)
  A crocodile (Lair:3)
  A big kobold (D:10)
  4 bullfrogs
  A killer bee (D:9)
  2 electric eels (Lair:2)
  2 crimson imps (D:5)
  3 bullfrog skeletons
  An orc priest (D:10)
  A hound (D:8)
  3 worker ants
  A hound zombie (D:5)
  A hound skeleton (D:5)
  A worker ant zombie (D:7)
  A shadow imp (D:11)
  4 orcs
  A jackal (Sewer)
  A quokka (D:7)
  A giant cockroach zombie (D:6)
  A goblin zombie (D:10)
  A rat (D:6)
59 creatures vanquished.

Vanquished Creatures (others)
  11 hexers
11 creatures vanquished.

Grand Total: 429 creatures vanquished

Notes
Turn   | Place    | Note
-------+----------+-------------------------------------------
     0 | D:1      | Matador8 the Draconian Fire Elementalist began the quest
                  | for the Orb.
     0 | D:1      | Reached XP level 1. HP: 14/14 MP: 3/3
   582 | D:1      | Reached XP level 2. HP: 20/20 MP: 3/5
  1103 | D:2      | Reached XP level 3. HP: 26/26 MP: 2/6
  1738 | D:2      | Learned a level 2 spell: Throw Flame
  1742 | D:2      | Learned a level 3 spell: Conjure Flame
  1765 | D:2      | Reached XP level 4. HP: 30/33 MP: 3/8
  2555 | D:3      | Reached XP level 5. HP: 32/38 MP: 4/9
  2702 | D:3      | Learned a level 4 spell: Sticky Flame
  3224 | D:3      | Noticed Robin
  3242 | D:3      | Killed Robin
  3516 | D:3      | You fall into a shaft and drop 2 floors!
  3516 | D:5      | Entered Level 5 of the Dungeon
  3541 | D:5      | Noticed an ogre
  3562 | D:5      | Killed an ogre
  3562 | D:5      | Reached XP level 6. HP: 45/45 MP: 2/11
  3655 | D:5      | Noticed a sky beast
  3693 | D:5      | Killed a sky beast
  3693 | D:5      | Reached skill level 5 in Fire Magic
  4190 | D:4      | Your scales start taking on a golden yellow colour.
  4190 | D:4      | Reached XP level 7. HP: 50/50 MP: 3/13
  4190 | D:4      | Gained mutation: You are resistant to acid. (rCorr) [Yellow
                  | Draconian growth]
  4754 | D:4      | Got a steaming mace
  4794 | D:4      | Identified the +5 mace "Iraerph" {venom, rF+ rC+ Str-5}
                  | (You found it on level 4 of the Dungeon)
  5122 | D:4      | Noticed Edmund
  5140 | D:4      | Killed Edmund
  5140 | D:4      | Reached skill level 5 in Conjurations
  5748 | D:5      | Found a staircase to the Ecumenical Temple.
  5777 | Temple   | Entered the Ecumenical Temple
  5953 | Temple   | Became a worshipper of Hepliaklqana the Forgotten
  6169 | D:5      | Reached XP level 8. HP: 39/51 MP: 11/15
  6455 | D:5      | Found a burning altar of Makhleb.
  6455 | D:5      | Found a shimmering altar of Xom.
  6750 | D:5      | Identified Fufiylil's Almanac of Creative Weightlessness
  6964 | D:6      | Found a glowing drain.
  7104 | Sewer    | Entered a sewer
  7420 | Sewer    | Found a white marble altar of Elyvilon.
  7514 | D:6      | Learned a level 5 spell: Fireball
  7709 | D:6      | Reached * piety under Hepliaklqana
  7909 | D:6      | Reached skill level 1 in Short Blades
  8412 | D:7      | Reached XP level 9. HP: 56/56 MP: 13/16
  8439 | D:7      | Reached skill level 1 in Fighting
  8633 | D:7      | Reached skill level 2 in Fighting
  8724 | D:7      | Reached ** piety under Hepliaklqana
  8773 | D:7      | Remembered your ancestor Star Platinum as a hexer
  8799 | D:7      | Reached skill level 3 in Fighting
  9019 | D:7      | Reached skill level 4 in Fighting
  9262 | D:8      | Found a runed translucent gate.
  9262 | D:8      | Found a runed translucent gate.
  9262 | D:8      | Found a runed translucent gate.
  9262 | D:8      | Found an opulent altar of Gozag.
  9262 | D:8      | Noticed grouchysmurf's ghost (novice OgSk)
  9262 | D:8      | Noticed a brown ugly thing
  9435 | D:8      | Reached skill level 5 in Fighting
  9619 | D:8      | Reached skill level 1 in Invocations
  9625 | D:8      | Found the +6 Majin-Bo {vamp, Archmagi MP+6 Int+6}
  9723 | D:8      | Reached XP level 10. HP: 53/74 MP: 10/17
  9730 | D:8      | Reached skill level 5 in Spellcasting
  9915 | D:8      | Noticed Harold
  9938 | D:8      | Found a bloodstained altar of Trog.
  9971 | D:8      | Noticed Maurice
  9980 | D:8      | Killed Maurice
 10299 | D:8      | Killed Harold
 10359 | D:8      | Learned a level 4 spell: Throw Icicle
 10371 | D:9      | Reached skill level 1 in Throwing
 10371 | D:9      | Reached skill level 1 in Ice Magic
 10665 | D:9      | Noticed a two-headed ogre
 10689 | D:9      | Killed a two-headed ogre
 10695 | D:9      | Noticed a two-headed ogre
 10872 | D:9      | Killed a two-headed ogre
 11135 | D:9      | Reached skill level 5 in Ice Magic
 11141 | D:9      | Reached XP level 11. HP: 80/80 MP: 7/20
 11257 | D:9      | Found an opulent altar of Gozag.
 11997 | D:10     | Entered Level 10 of the Dungeon
 12050 | D:10     | Learned a level 3 spell: Regeneration
 12140 | D:10     | Reached skill level 1 in Shields
 12140 | D:10     | Reached skill level 1 in Charms
 12530 | D:10     | Found a staircase to the Orcish Mines.
 13240 | D:10     | Reached *** piety under Hepliaklqana
 13450 | D:11     | Found a staircase to the Lair.
 13503 | D:11     | Noticed a red ugly thing
 13520 | D:11     | Killed a red ugly thing
 13520 | D:11     | Reached skill level 1 in Staves
 13789 | D:11     | Noticed a two-headed ogre
 13796 | D:11     | Killed a two-headed ogre
 14107 | D:11     | Identified Tiol's Papyrus of Cankerous Earth
 14173 | D:11     | Reached skill level 5 in Staves
 14280 | Lair:1   | Entered Level 1 of the Lair of Beasts
 14511 | Lair:1   | Found a gate leading to a gauntlet.
 14525 | Lair:1   | Noticed a five-headed hydra
 14578 | Lair:1   | Killed a five-headed hydra
 14882 | Lair:1   | Reached **** piety under Hepliaklqana
 15468 | Lair:2   | Reached XP level 12. HP: 80/85 MP: 21/22
 15592 | Lair:2   | Found a staircase to the Snake Pit.
 15884 | Lair:1   | Reached skill level 6 in Fighting
 16025 | Lair:2   | Learned a level 3 spell: Mephitic Cloud
 16302 | Lair:2   | Reached skill level 1 in Air Magic
 16302 | Lair:2   | Reached skill level 1 in Poison Magic
 16627 | Lair:2   | Reached skill level 7 in Fighting
 16860 | Lair:3   | Reached ***** piety under Hepliaklqana
 16890 | Lair:3   | Noticed Fannar
 16929 | Lair:3   | Reached skill level 5 in Dodging
 16948 | Lair:3   | Found a staircase to the Swamp.
 17029 | Lair:3   | Reached skill level 8 in Fighting
 17401 | Lair:3   | Reached skill level 9 in Fighting
 18324 | Lair:4   | Mangled by a komodo dragon

Levels and vault maps discovered:
D:1:      dpeg_arrival_rooms_a, layout_basic
D:2:      layout_loops_corners, first_ration, minmay_hexomino_u4
D:3:      layout_basic, kennysheep_generic_room_6, uniq_robin
D:4:      layout_basic, uniq_edmund
D:5:      layout_layer_cave, grunt_temple_overflow_champion_of_chaos,
          minmay_temple_entry_tees, minivault_14, minmay_misc_feat_more_columns
D:6:      layout_basic, portal_sewer_entry_a, minmay_fire_ice_demons
D:7:      kennysheep_steamy, layout_basic, the_bakery,
          hangedman_abyss_or_decor_slice
D:8:      layout_loops_ring, kennysheep_mini_moat, ebering_ghost_gozag,
          uniq_harold, uniq_maurice
D:9:      layout_loops_cross, kennysheep_little_box
D:10:     layout_loops_ring, zombieorc1_lemuel, special_room [special_room_orc]
D:11:     layout_cave_pools, lair_entry_dummy, portal_ice_cave_entry_pillars_2
Temple:   dpeg_five_rooms_temple
Lair:1:   layout_loops_ring, gauntlet_entry_generic, lemuel_fruit_tree
Lair:2:   layout_regular_city, dummy_snake_entry, serial_bayou_shore_a,
          grunt_megastairs_4
Lair:3:   layout_cave_pods, minmay_swamp_entry_reptiles, uniq_fannar
Lair:4:   layout_regular_city

Skill      XL: |  1  2  3  4  5  6  7  8  9 10 11 12 |
---------------+-------------------------------------+-----
Conjurations   | 2 3 4 5 7 |  7.0
Spellcasting   | 3 4 6 7 |  7.4
Fire Magic     | 4 5 6 7 |  7.6
Short Blades   | 3 |  3.1
Dodging        | 2 4 6 |  6.0
Fighting       | 5 9 |  9.7
Stealth        | 3 |  3.6
Invocations    | 2 4 |  4.8
Throwing       | 4 |  4.8
Ice Magic      | 5 |  5.3
Shields        | 4 |  4.0
Charms         | 2 |  2.9
Staves         | 7 |  7.6
Air Magic      | 2 |  2.0
Poison Magic   | 2 |  2.0
Maces & Flails | |  0.9

Action                   |  1- 3 |  4- 6 |  7- 9 | 10-12 || total
-------------------------+-------+-------+-------+-------++-------
Melee: Spear             |     4 |       |       |       ||     4
       Tailslap          |     4 |     2 |    13 |    45 ||    64
       Whip              |    11 |    16 |       |       ||    27
       Dagger            |       |    34 |   129 |   184 ||   347
       Quarterstaff      |       |       |       |   224 ||   224
 Cast: Flame Tongue      |    65 |   116 |   206 |   177 ||   564
       Throw Flame       |       |     3 |    22 |    23 ||    48
       Conjure Flame     |       |     3 |     8 |    12 ||    23
       Sticky Flame      |       |       |     8 |    21 ||    29
       Fireball          |       |       |     1 |    26 ||    27
       Throw Icicle      |       |       |       |    19 ||    19
       Regeneration      |       |       |       |     2 ||     2
Invok: Recall Ancestor   |       |       |     1 |     1 ||     2
       Ancestor Identity |       |       |     2 |       ||     2
       Ancestor Life: He |       |       |     1 |       ||     1
 Abil: Breathe Acid      |       |       |     3 |    30 ||    33
  Use: Potion            |       |     3 |       |     1 ||     4
       Scroll            |       |       |     8 |     2 ||    10
 Stab: Sleeping          |       |     2 |     2 |     6 ||    10
       Distracted        |       |       |     1 |     6 ||     7
       Confused          |       |       |     1 |     4 ||     5
  Eat: Chunk             |     3 |     8 |    17 |    33 ||    61
       Ration            |       |       |     1 |     3 ||     4
Armor: Skin              |     7 |    32 |    43 |   108 ||   190
Dodge: Dodged            |    21 |    55 |   131 |   250 ||   457
